 Dungeon Crawl Stone Soup version 0.29.1-12-g30fa7ad0bf (webtiles) character file.

Game seed: 9275201958379790309

9 Leeroy the Ruffian (level 2, 23/23 HPs)
             Began as a Draconian Transmuter on Jan 7, 2023.
             Quit the game on level 1 of the Dungeon.
             The game lasted 00:00:24 (527 turns).

Leeroy the Ruffian (Draconian Transmuter)            Turns: 527, Time: 00:00:24

Health: 23/23      AC:  4    Str: 12    XL:     2   Next: 6%
Magic:  5/5        EV: 12    Int: 13    God:
Gold:   52         SH:  0    Dex: 11    Spells: 4/5 levels left

rFire   . . .      SeeInvis .     - Unarmed
rCold   . . .      Faith    .   (no shield)
rNeg    . . .      Spirit   .   (body armour unavailable)
rPois   .          Reflect  .   (helmet restricted)
rElec   .          Harm     .   (no cloak)
rCorr   .          Rampage  .   (no gloves)
Will    .....                   (no boots)
Stlth   +.........              (no amulet)
HPRegen 0.07/turn               (no ring)
MPRegen 0.09/turn               (no ring)

@: no status effects
A: AC +4, unfitting armour, cold-blooded
a: no special abilities


You were on level 1 of the Dungeon.
You visited 1 branch of the dungeon, and saw 1 of its levels.

You collected 52 gold pieces.

Inventory:

Scrolls
 b - a scroll of vulnerability {unknown}
Potions
 a - a potion of lignification
 c - 2 potions of mutation {unknown}
 d - a potion of heal wounds {unknown}


   Skills:
 - Level 1.1 Fighting
 - Level 1.7 Dodging
 + Level 3.6 Unarmed Combat
 - Level 2.0 Spellcasting
 - Level 2.0 Transmutations


You had 4 spell levels left.
You knew the following spells:

 Your Spells              Type           Power      Damage    Failure   Level
a - Beastly Appendage     Tmut           12%        N/A       11%         1

Your spell library contained the following spells:

 Spells                   Type           Power      Damage    Failure   Level
 Wereblood                Tmut           6%         N/A       17%         2
 Spider Form              Tmut/Pois      3%         N/A       45%         3
 Ice Form                 Ice/Tmut       3%         N/A       86%         4


Dungeon Overview and Level Annotations

Branches:
Dungeon (1/15)

Altars:


Innate Abilities, Weirdness & Mutations

Your plain brown scales are hard. (AC +4)
You cannot fit into any form of body armour.
You are cold-blooded and may be slowed by cold attacks.


Message History

You now have 44 gold pieces (gained 6).
d - a pink potion You see here a +0 sling.
You now have 52 gold pieces (gained 8).
A rat and an endoplasm come into view.
Found a bubbling inky potion.
The endoplasm quivers.
You hit the endoplasm.
The endoplasm is heavily wounded.
The endoplasm hits you.
You hit the endoplasm.
You kill the endoplasm!
You hit the rat.
You kill the rat!
No target in view!
No target in view!
No target in view!
No target in view!
A ball python and an endoplasm come into view.
The endoplasm quivers.
The endoplasm moves out of view.
A ball python is nearby!
Found a fizzy purple potion.
The endoplasm barely misses you.
You punch the endoplasm!
You kill the endoplasm!
The ball python bites you but does no damage.
The ball python misses you.
You have reached level 2!
You hit the ball python.
The ball python is severely wounded.
The ball python closely misses you. The ball python grabs you.
The ball python constricts you.
You hit the ball python.
You kill the ball python!
No target in view!
No target in view!
No target in view!
Char dumped successfully.
Okay, then.
Are you sure you want to abandon this character and quit the game? (Confirm with "yes".)

#.# . #.### .#
.####...# .#.# ......#
.##.. ### ......#
.....# #.# ##
......##..##.# ....!#
..........##.###.#.###
###.#.........#!†....#
# #.#.######.###@# #
#......)...#...#
###..#######.#.###.##
##..## #..........
##.####### ####.#..#..
.......... ....#
>######### #...# ##
...# ...#


There were no monsters in sight!

Vanquished Creatures
  A ball python (D:1)
  3 endoplasms (D:1)
  A hobgoblin (D:1)
  A goblin (D:1)
  3 rats (D:1)
9 creatures vanquished.

Notes
Turn   | Place    | Note
-------+----------+-------------------------------------------
     0 | D:1      | Leeroy the Draconian Transmuter began the quest for the
                  | Orb.
     0 | D:1      | Reached XP level 1. HP: 16/16 MP: 3/3
   525 | D:1      | Reached XP level 2. HP: 23/23 MP: 5/5
   527 | D:1      | Quit the game

Illustrated notes

Levels and vault maps discovered:
D:1:      lightli_arrival_flooded_house, layout_basic, minmay_indecisive_spiral

Action                   || total
-------------------------++-------
Melee: Unarmed           ||    35
Armor: Skin              ||     5
Dodge: Dodged            ||    20
